AoeStats
← Silvarop

Black Forest

508184986Analyzed
2v2 RM · 10d ago on Sep 21, 2026· 43m 14s· 4 players
Game mode
Random Map
Map size
Medium (4 player)
Population
200
Speed
Normal
Resources
Standard
Victory
Conquest
Starting age
Dark Age
Ending age
Imperial Age
RankedLock teamsTeams togetherTeam positionsShared explorationLock speedFull tech treeHidden civsTurbo modeCheats
Victory
Defeat
🇪🇸 Khmer · Spain
808
+11
🇪🇸 Maya · Spain
805
+11
🇮🇳 Vietnamese · India
740
-12
🇪🇸 Teutons · Spain
660
-10
Silvarop
0:27 Loom
12:30 Feudal Age
12:52 Horse Collar
13:11 Double-Bit Axe
14:05 Wheelbarrow
18:29 Castle Age
16:34 Stone Mining
20:59 Hand Cart
23:01 Town Watch
24:40 Town Patrol
25:30 Heavy Plow
27:05 Fletching
30:07 Gold Mining
31:22 Bow Saw
31:50 Scale Mail Armor
32:02 Forging
35:18 Imperial Age
35:38 Bodkin Arrow
36:01 Onager
37:12 Padded Archer Armor
37:43 Crenellations
devil
1:01 Loom
12:28 Feudal Age
14:05 Wheelbarrow
13:18 Town Watch
16:07 Wheelbarrow
21:35 Castle Age
20:04 Double-Bit Axe
20:20 Horse Collar
24:23 Heavy Plow
24:16 Gold Mining
24:20 Stone Mining
24:46 Bow Saw
25:24 Caravan
26:32 Wheelbarrow
29:27 Wheelbarrow
33:38 Imperial Age
30:58 Crossbowman
32:31 Wheelbarrow
32:39 Forging
32:20 Fletching
32:42 Squires
32:21 Elite Skirmisher
33:40 Bloodlines
33:45 Husbandry
34:02 Chatras
35:55 Chemistry
35:40 Padded Archer Armor
36:28 Stone Shaft Mining
36:46 Pikeman
38:37 Ballistics
42:15 Elite Fire Lancer
TujaMuriGTI
0:27 Loom
11:37 Feudal Age
14:53 Double-Bit Axe
21:01 Castle Age
19:27 Stone Mining
23:57 Horse Collar
24:35 Bow Saw
25:06 Horse Collar
26:12 Wheelbarrow
26:46 Gold Mining
30:09 Fortified Wall
31:12 Treadmill Crane
35:05 Imperial Age
33:51 Stone Shaft Mining
33:54 Fletching
35:38 Eagle Warrior
37:36 Hand Cart
38:57 Heavy Plow
39:10 Forging
39:01 Scale Mail Armor
40:18 Elite Eagle Warrior
41:55 Holcans
Rasel
0:54 Loom
11:22 Feudal Age
11:48 Double-Bit Axe
11:51 Horse Collar
19:37 Castle Age
19:27 Wheelbarrow
21:05 Bow Saw
23:01 Gold Mining
26:59 Caravan
33:32 Imperial Age
32:12 Fletching
32:22 Padded Archer Armor
32:33 Forging
32:29 Scale Barding Armor
33:06 Husbandry
33:17 Bloodlines
34:16 Wheelbarrow
34:27 Gold Shaft Mining
33:56 Elite Ballista Elephant
34:40 Tusk Swords
35:05 Double Crossbow
38:39 Elite Battle Elephant
Connection lost

Rejoining the realm…

Still unreachable

The connection could not be restored.

Session expired

The server has moved on; the page needs a fresh start.